 Dungeon Crawl Stone Soup version 0.14.0-24-gfb45beb (webtiles) character file.

2303 Mizurashi the Shield-Bearer (level 9, 0/68 HPs)
             Began as a Demonspawn Fighter on Apr 21, 2014.
             Was a Priest of Cheibriados.
             Killed from afar by an orc wizard (2 damage)
             ... with a magic dart
             ... on Level 7 of the Dungeon.
             The game lasted 00:32:02 (6896 turns).

Mizurashi the Shield-Bearer (Demonspawn Fighter)    Turns: 6896, Time: 00:32:02

HP   0/68        AC 13     Str 34      XL: 9   Next:  4%
MP  14/16        EV  8     Int 17      God: Cheibriados [***...]
Gold 266         SH 38     Dex 20      Spells:  0 memorised, 13 levels left

rFire  . . .     SeeInvis .     r - +0,+2 falchion
rCold  . . .     Clarity  .     b - +3 chain mail
rNeg   . . .     Conserve .     q - +0 large shield
rPois  .         rCorr    .     (no helmet)
rElec  .         rRot     .     (no cloak)
SustAb + .       Spirit   .     (no gloves)
rMut   .         Warding  .     (no boots)
Saprov . . .     Stasis   .     (no amulet)
MR     .....                    g - ring of sustain abilities
                                p - ring of regeneration

@: mighty, very slow, not resistant to hostile enchantments, extremely
unstealthy
A: claws 2, repulsion field 1, demonic guardian 1
a: Bend Time, Temporal Distortion, Renounce Religion


You were on level 7 of the Dungeon.
You worshipped Cheibriados.
Cheibriados was most pleased with you.
You were not hungry.

You visited 2 branches of the dungeon, and saw 8 of its levels.

You collected 266 gold pieces.

Inventory:

Hand weapons
 r - a +0,+2 falchion (weapon)
 A - a +0,+0 long sword
Armour
 b - a +3 chain mail (worn)
 q - a +0 large shield (worn)
Magical devices
 e - a wand of cold (15) {unknown}
 s - a wand of fire (5) {unknown}
Comestibles
 a - a chunk of orc flesh
 d - 2 bread rations
 m - an orange
 o - 5 meat rations
 C - a royal jelly
 E - a honeycomb
Scrolls
 i - 2 scrolls of remove curse
 k - 2 scrolls of enchant armour
 y - 2 scrolls of identify
Jewellery
 g - a ring of sustain abilities (right claw)
 h - an uncursed ring of protection from cold
 p - a ring of regeneration (left claw)
 u - an uncursed ring of poison resistance {unknown}
Potions
 c - a potion of invisibility {unknown}
 f - a potion of magic
 j - a potion of agility {unknown}
 n - a potion of curing
 t - a potion of heal wounds {unknown}


   Skills:
 + Level 5.5 Fighting
 + Level 5.6 Long Blades
 + Level 2.9 Throwing
 + Level 6.1 Armour
 + Level 4.9 Dodging
 + Level 3.5 Stealth
 + Level 6.8 Shields
 + Level 2.8 Spellcasting


You had 13 spell levels left.
You didn't know any spells.

Dungeon Overview and Level Annotations

Branches:
Dungeon (7/15)             Temple (1/1) D:4

Altars:
Ashenzari
Cheibriados
Dithmenos
Elyvilon
Fedhas
Kikubaaqudgha
Makhleb
Vehumet
Xom
Zin
The Shining One

Annotations:
D:7 Menkaure


Innate Abilities, Weirdness & Mutations

You have very sharp fingernails.
You are surrounded by a mild repulsion field (EV +2).
A weak demonic guardian rushes to your aid.


Message History

The puff of frost hits you!
* * * LOW HITPOINT WARNING * * *
You block Menkaure's attack.
The orc priest invokes the aid of Beogh against you.
Something smites you!
* * * LOW HITPOINT WARNING * * *
Your crimson imp hits the orc priest but does no damage.
The orc wizard closely misses you.
Drink which item? (? for menu, Esc to quit)
You feel very mighty all of a sudden. You block Menkaure's attack.
The orc wizard hits you with a dagger.
* * * LOW HITPOINT WARNING * * *
Your crimson imp hits the orc priest but does no damage.
You block the orc's attack.
The orc priest hits you but does no damage.
You closely miss the orc priest.
The orc priest is almost dead.
The orc wizard gestures at you while chanting.
The magic dart hits you!
You die...

####.....#
<....##.....#
#.....##.....#
#.............#
#............######
#.................####
#.....................
#...o55...............
#...M@................
#...oo.......####.....
#............# #.....
#>............+ +.....
#.............# #.....
#.#######.....# #.....
. ......# #.....
###### #..... #.....


You could see Menkaure, an orc priest, an orc wizard, an orc and 2 friendly
crimson imps.

Vanquished Creatures
  A phantom (D:4)
  An orc warrior (D:6)
  A black bear (D:5)
  An ogre (D:5)
  A sky beast (D:6)
  A centaur (D:6)
  A big kobold (D:7)
  Blork the orc (D:6)
  A giant frog (D:6)
  A vampire bat (D:5)
  2 jellies
  A hound (D:3)
  10 orc priests
  An iguana (D:4)
  5 orc wizards
  A worker ant (D:6)
  Ijyb (D:3)
  Terence (D:3)
  3 gnolls (D:2)
  7 adders
  A scorpion zombie (D:7)
  2 shadow imps
  A worm (D:5)
  A giant mite (D:3)
  An orc skeleton (D:6)
  3 fire bats (D:5)
  4 oozes
  25 orcs
  A spectral bat (D:5)
  3 bat skeletons (D:5)
  A bat zombie (D:5)
  4 giant cockroaches
  9 hobgoblins
  8 jackals
  7 quokkas
  20 bats
  A bat simulacrum (D:5)
  5 giant geckos
  4 giant newts
  8 goblins
  15 kobolds
  11 rats
177 creatures vanquished.

Vanquished Creatures (collateral kills)
  The ghost of yahmik the Ducker, an average FeMo (D:4)
  A water moccasin (D:6)
  An orc warrior (D:6)
  An ogre (D:6)
  A giant frog (D:6)
  An orc wizard (D:4)
  A worm (D:4)
  2 orcs
9 creatures vanquished.

Vanquished Creatures (others)
  A crimson imp (D:4)
  5 iron imps
  2 quasits
  A white imp (D:6)
  6 ufetubi
15 creatures vanquished.

Grand Total: 201 creatures vanquished

Notes
Turn   | Place    | Note
--------------------------------------------------------------
     0 | D:1      | Mizurashi, the Demonspawn Fighter, began the quest for the Orb.
     0 | D:1      | Reached XP level 1. HP: 18/18 MP: 1/1
   314 | D:1      | Gained mutation: You are surrounded by a mild repulsion field (EV +2). [demonic ancestry]
   314 | D:1      | Reached XP level 2. HP: 24/24 MP: 2/2
   729 | D:2      | Reached skill level 1 in Dodging
   729 | D:2      | Reached XP level 3. HP: 16/29 MP: 3/3
  1285 | D:2      | Gained mutation: You have sharp fingernails. [demonic ancestry]
  1285 | D:2      | Reached XP level 4. HP: 28/35 MP: 4/4
  1780 | D:3      | Noticed Ijyb
  1794 | D:3      | Reached skill level 4 in Fighting
  1794 | D:3      | Reached skill level 5 in Long Blades
  1794 | D:3      | Reached skill level 5 in Armour
  1794 | D:3      | Gained mutation: A weak demonic guardian rushes to your aid. [demonic ancestry]
  1794 | D:3      | Reached XP level 5. HP: 20/43 MP: 5/10
  1807 | D:3      | Killed Ijyb
  2199 | D:3      | Noticed Terence
  2212 | D:3      | Killed Terence
  2212 | D:3      | Reached skill level 5 in Shields
  2212 | D:3      | Reached XP level 6. HP: 50/50 MP: 11/11
  2341 | D:3      | Reached skill level 5 in Fighting
  2547 | D:3      | Found a burning altar of Makhleb.
  3631 | D:4      | Noticed yahmik's ghost (average FeMo)
  3674 | D:4      | Killed yahmik's ghost
  3674 | D:4      | Reached XP level 7. HP: 36/56 MP: 13/13
  4210 | D:5      | Entered Level 5 of the Dungeon
  4557 | D:4      | Found a staircase to the Ecumenical Temple.
  4571 | Temple   | Entered the Ecumenical Temple
  4580 | Temple   | Became a worshipper of Cheibriados the Contemplative
  5144 | D:5      | Gained mutation: You have very sharp fingernails. [demonic ancestry]
  5144 | D:5      | Reached XP level 8. HP: 22/62 MP: 14/14
  5153 | D:5      | Reached skill level 6 in Shields
  5907 | D:6      | Noticed Blork the orc
  5949 | D:6      | Killed Blork the orc
  6170 | D:6      | Found a blossoming altar of Fedhas.
  6506 | D:6      | Acquired Cheibriados' first power
  6539 | D:6      | Found a burning altar of Makhleb.
  6644 | D:7      | Reached XP level 9. HP: 68/68 MP: 16/16
  6886 | D:7      | Noticed Menkaure
  6894 | D:7      | HP: 2/68 [orc priest/divine providence (14)]
  6896 | D:7      | Killed from afar by an orc wizard

Action                   |  1- 3 |  4- 6 |  7- 9 || total
-------------------------+-------+-------+-------++-------
Melee: Long sword        |   118 |   111 |     6 ||   235
       Falchion          |       |   158 |   491 ||   649
Invok: Bend Time         |       |       |     1 ||     1
  Use: Potion            |     1 |     5 |     2 ||     8
       Scroll            |       |       |     9 ||     9
 Stab: Distracted        |       |     1 |     2 ||     3
